 Dungeon Crawl Stone Soup version 0.22-a0-525-gf69a080 (webtiles) character file.

2509 iamserjio the Insei (level 9, 0/62 HPs)
             Began as an Octopode Wanderer on June 21, 2018.
             Was a Follower of Okawaru.
             Slain by an orc warrior
             ... wielding a +0 war axe
              (20 damage)
             ... in a bailey.
             The game lasted 00:20:59 (9984 turns).

iamserjio the Insei (Octopode Wanderer)             Turns: 9984, Time: 00:21:00

Health: 0/62       AC:  1    Str: 11    XL:     9   Next: 53%
Magic:  11/11      EV: 15    Int: 16    God:    Okawaru [*.....]
Gold:   356        SH:  4    Dex: 13    Spells: 8/8 levels left

rFire    . . .     SeeInvis .     - Unarmed
rCold    . . .     Gourm    .   y - +0 buckler
rNeg     . . .     Faith    .   (helmet restricted)
rPois    .         Spirit   .   (no amulet)
rElec    .         Reflect  .   r - ring of resist corrosion
rCorr    +         Harm     .   e - ring of flight
MR       .....                  (no ring)
Stlth    ++++......             (no ring)
HPRegen  0.20/turn              (no ring)
MPRegen  0.12/turn              (no ring)
                                (no ring)
                                (no ring)

@: no status effects
A: almost no armour, stealthy swim, amphibious, 8 rings, constrict 8, camouflage
1, gelatinous body 1
a: Heroism, Renounce Religion, Evoke Flight


You were in a bailey.
You worshipped Okawaru.
Okawaru was aware of your devotion.
You were not hungry.

You visited 2 branches of the dungeon, and saw 8 of its levels.
You also visited: Sewer and Bailey.

You collected 356 gold pieces.

Inventory:

Hand Weapons
 a - a +0 quarterstaff
Missiles
 i - 188 stones (quivered)
 k - 3 javelins
Armour
 y - a +0 buckler (worn)
Jewellery
 e - a ring of flight (right tentacle)
 r - a ring of resist corrosion (left tentacle)
Wands
 o - a wand of iceblast (1)
 p - a wand of scattershot (1)
 B - a wand of polymorph (12)
Scrolls
 b - 6 scrolls of teleportation
 d - 2 scrolls of identify {@r1}
 f - 2 scrolls of magic mapping
 g - 3 scrolls of remove curse {@r2}
 m - 2 scrolls of noise
 n - a scroll of fog
 u - a scroll of enchant weapon
Potions
 h - 2 potions of haste
 j - 3 potions of curing {@q1}
 l - 4 potions of lignification
 q - a potion of heal wounds
 s - 2 potions of flight
 t - a potion of resistance
 v - 2 potions of degeneration
 w - 2 potions of might
 x - 2 potions of brilliance
 z - a potion of berserk rage {unknown}
 C - a potion of ambrosia {unknown}
Comestibles
 c - 13 rations


   Skills:
 + Level 5.6 Fighting
 - Level 1.0 Staves
 + Level 5.3 Dodging
 + Level 6.8 Stealth
 * Level 3.0 Shields
 * Level 7.6 Unarmed Combat
   Level 1.0 Ice Magic
   Level 2.0 Air Magic
 + Level 2.9 Invocations
 - Level 2.1 Evocations


You had 8 spell levels left.
You didn't know any spells.
Your spell library was empty.

Dungeon Overview and Level Annotations

Branches:
Dungeon (7/15)             Temple (1/1) D:5

Altars:
Ashenzari
Cheibriados
Dithmenos
Elyvilon
Fedhas
Gozag
Hepliaklqana
Kikubaaqudgha
Makhleb
Nemelex Xobeh
Okawaru
Qazlal
Ru
Sif Muna
Trog
Uskayaw
Vehumet
Wu Jian
Xom
Yredelemnul
Zin
The Shining One


Innate Abilities, Weirdness & Mutations

You cannot wear most types of armour.
You are very stealthy in the water. (Stealth+)
You are amphibious.
You can wear up to eight rings at the same time.
You can use your tentacles to constrict eight enemies at once.
Your skin changes colour to match your surroundings (Stealth+).
Your rubbery body absorbs attacks. (AC +1, EV +1)


Message History

You block the gnoll's attack.
You tentacle-slap the gnoll.
The gnoll is moderately wounded.
You constrict the gnoll.
You tentacle-slap the gnoll but do no damage.
You squeeze the gnoll.
The gnoll is severely wounded.
You constrict the gnoll. The gnoll closely misses you.
The orc warrior barely misses you.
You bludgeon the gnoll!
You kill the gnoll!
Okawaru accepts your kill.
You closely miss the orc warrior. You grab the orc warrior.
You constrict the orc warrior, but do no damage.
You block the orc warrior's attack.
You tentacle-slap the orc warrior but do no damage.
You squeeze the orc warrior, but do no damage.
You constrict the orc warrior.
The orc warrior hits you with a war axe!!
You die...

###.....### ##...
#.........###.........##
.........).#...........#
...........'...........#
.....).)...#.....⌠.....#
...........#...........#
...).......#...........#
#..)).....###..o))....###
#'#)....### #.@)..#'#.###
).###.### ###.###.....###
....### .. ##.........##
.....# ..##8..........#
.....# .go#8......o...#
.....# ..o)..)o.⌠o.o.∩#
.....# #8.)o...gg..#
.....# #8..........#
....### ###.........##


You could see an orc warrior.

Vanquished Creatures
  A hippogriff (D:7)
  Duvessa (D:4)
  2 sky beasts
  6 orc warriors (Bailey)
  An ice beast (D:6)
  A phantom (D:4)
  A centaur (D:5)
  2 ogres (D:5)
  Blork the orc (D:5)
  A big kobold (Sewer)
  Dowan (D:4)
  A howler monkey (D:4)
  A crimson imp (D:6)
  A bullfrog zombie (D:6)
  2 hounds (D:5)
  2 orc wizards
  An orc priest (D:7)
  A gnoll shaman (D:5)
  2 iguanas
  A worker ant (D:4)
  A hound skeleton (D:6)
  A howler monkey zombie (D:6)
  2 howler monkey skeletons (D:5)
  A worker ant zombie (D:6)
  16 gnolls
  8 adders
  2 river rats (Sewer)
  An ooze (D:5)
  2 adder zombies (D:6)
  7 worms
  2 dart slugs
  A leopard gecko (D:4)
  29 orcs
  6 bats
  6 giant cockroaches
  36 goblins
  13 hobgoblins
  6 jackals
  3 quokkas
  A ball python (D:3)
  3 frilled lizards
  9 kobolds
  7 rats
193 creatures vanquished.

Notes
Turn   | Place    | Note
-------+----------+-------------------------------------------
     0 | D:1      | iamserjio the Octopode Wanderer began the quest for the Orb.
     0 | D:1      | iamserjio set off with: a +0 quarterstaff, a scroll of teleportation, a ration
     0 | D:1      | Reached XP level 1. HP: 14/14 MP: 2/2
   265 | D:1      | Reached skill level 1 in Unarmed Combat
   265 | D:1      | Reached XP level 2. HP: 9/19 MP: 3/3
   959 | D:2      | Reached XP level 3. HP: 13/25 MP: 4/4
  1342 | D:2      | Reached skill level 2 in Unarmed Combat
  2259 | D:2      | Reached XP level 4. HP: 11/30 MP: 5/5
  2288 | D:2      | HP: 1/30 [poisoned by an adder]
  3656 | D:3      | Reached skill level 3 in Unarmed Combat
  3851 | D:4      | Reached XP level 5. HP: 36/36 MP: 6/6
  3969 | D:4      | Found a glowing drain.
  3981 | Sewer    | Entered a sewer
  4149 | Sewer    | Noticed a big kobold
  4175 | Sewer    | Killed a big kobold
  4175 | Sewer    | Reached XP level 6. HP: 2/42 MP: 7/7
  4468 | Sewer    | Found a white marble altar of Elyvilon.
  4659 | D:4      | Noticed Duvessa
  5053 | D:4      | Noticed a phantom
  5139 | D:4      | Reached skill level 4 in Unarmed Combat
  5258 | D:4      | Killed a phantom
  5459 | D:4      | Reached XP level 7. HP: 44/47 MP: 8/8
  5867 | D:4      | Noticed Dowan
  5875 | D:4      | Killed Duvessa
  5876 | D:4      | Killed Dowan
  5876 | D:4      | Reached skill level 5 in Unarmed Combat
  6097 | D:5      | Entered Level 5 of the Dungeon
  6451 | D:5      | Reached XP level 8. HP: 54/54 MP: 9/9
  6456 | D:5      | Noticed Blork the orc
  6465 | D:5      | Killed Blork the orc
  6873 | D:5      | Reached skill level 5 in Stealth
  6873 | D:5      | Reached skill level 6 in Unarmed Combat
  7678 | D:5      | Found a staircase to the Ecumenical Temple.
  7684 | Temple   | Entered the Ecumenical Temple
  7733 | Temple   | Became a worshipper of Warmaster Okawaru
  7928 | D:6      | Reached skill level 5 in Fighting
  8035 | D:6      | Reached skill level 1 in Invocations
  8354 | D:6      | Found a hide-covered altar of Uskayaw.
  9013 | D:7      | Noticed a hippogriff
  9020 | D:7      | Killed a hippogriff
  9020 | D:7      | Reached skill level 5 in Dodging
  9020 | D:7      | Reached skill level 1 in Shields
  9020 | D:7      | Reached skill level 7 in Unarmed Combat
  9020 | D:7      | Reached XP level 9. HP: 9/61 MP: 10/10
  9095 | D:7      | Found a flagged portal.
  9106 | Bailey   | Entered a bailey
  9649 | Bailey   | Reached * piety under Okawaru
  9901 | Bailey   | Noticed an orc warlord
  9949 | Bailey   | Noticed an orc knight
  9984 | Bailey   | Slain by an orc warrior

Vault maps used:
D:1:      minmay_arrival_checkered_box
D:2:      solitary_fountain
D:4:      portal_sewer_entry_d, grunt_decor_resistance, uniq_duvessa
D:5:      minmay_temple_entry_statues_pillars, first_ration,
          minmay_ogre_servants, uniq_blork_the_orc
D:6:      old_standard_altar, minmay_misc_feat_columns
D:7:      serial_shops, kennysheep_mini, enter_bailey_3
Temple:   nicolae_temple_the_god_donut
Sewer:    sewer_kobolds
Bailey:   bailey_axe_minmay_hex_keep, bailey

Skill      XL: |  1  2  3  4  5  6  7  8  9 |
---------------+----------------------------+-----
Unarmed Combat | 1 2 3 4 5 7 |  7.6
Dodging        | 2 3 4 5 |  5.3
Fighting       | 3 4 5 |  5.6
Stealth        | 2 3 4 6 |  6.8
Invocations    | 2 |  2.9
Shields        | 1 3 |  3.0
Staves         | |  1.0
Ice Magic      | |  1.0
Air Magic      | |  2.0
Evocations     | |  2.1

Action                   |  1- 3 |  4- 6 |  7- 9 || total
-------------------------+-------+-------+-------++-------
Melee: Quarterstaff      |    74 |    64 |       ||   138
       Constrict         |    18 |    37 |    66 ||   121
       Tentacles         |     9 |    24 |    57 ||    90
       Unarmed           |       |    89 |   300 ||   389
       Punch             |       |     2 |    11 ||    13
Throw: Stone             |       |       |     3 ||     3
Invok: Heroism           |       |       |     1 ||     1
Evoke: Wand              |       |     1 |    11 ||    12
  Use: Scroll            |       |     5 |    12 ||    17
       Potion            |       |     1 |       ||     1
 Stab: Sleeping          |     4 |     6 |    12 ||    22
       Distracted        |       |       |     3 ||     3
  Eat: Chunk             |     4 |    10 |    11 ||    25
       Ration            |       |       |     1 ||     1
Armor: Skin              |     5 |     7 |     3 ||    15
Dodge: Dodged            |    45 |    78 |   144 ||   267
Block: Buckler           |       |       |    16 ||    16

Table legend:
 A = Spawn XP
 B = Non-spawn XP
 C = Spawn XP percentage of total XP
 D = Spawn monster count
 E = Non-spawn monster count
 F = Spawn count percentage of total count
 G = Total turns spent on level
                    A         B        C        D         E        F      G
               +---------+---------+-------+---------+---------+-------+---------
         Total |       0 |    3585 |   0.0 |       0 |     193 |   0.0 |  9984
               +---------+---------+-------+---------+---------+-------+---------
           D:1 |       0 |      16 |   0.0 |       0 |       9 |   0.0 |   712
           D:2 |       0 |      76 |   0.0 |       0 |      19 |   0.0 |  2139
           D:3 |       0 |      64 |   0.0 |       0 |      22 |   0.0 |   952
           D:4 |       0 |     601 |   0.0 |       0 |      30 |   0.0 |  1937
           D:5 |       0 |     905 |   0.0 |       0 |      29 |   0.0 |  1505
           D:6 |       0 |     470 |   0.0 |       0 |      12 |   0.0 |  1041
           D:7 |       0 |     331 |   0.0 |       0 |       8 |   0.0 |   180
         Sewer |       0 |     128 |   0.0 |       0 |      11 |   0.0 |   581
        Bailey |       0 |     994 |   0.0 |       0 |      53 |   0.0 |   878
               +---------+---------+-------+---------+---------+-------+---------
